 Dungeon Crawl Stone Soup version 0.31-a0-841-g038b102fc3 (webtiles) character file.

Game seed: 9645702283472889879

1689 pokeman the Thaumaturge (level 8, -3/45 HPs)
             Began as a Deep Elf Hedge Wizard on Sept 27, 2023.
             Slain by a kobold brigand
             ... wielding a +0 short sword
              (8 damage)
             ... on level 7 of the Dungeon.
             The game lasted 00:12:49 (6683 turns).

pokeman the Thaumaturge (Deep Elf Hedge Wizard)     Turns: 6683, Time: 00:12:50

Health: -3/45      AC:  5    Str:  7    XL:     8   Next: 72%
Magic:  2/24       EV: 13    Int: 22    God:
Gold:   256        SH:  0    Dex: 14    Spells: 20/28 levels left

rFire   + . .        o - +1 dagger (drain)
rCold   . . .        (no shield)
rNeg    . . .        l - +2 robe
rPois   .            u - +0 helmet
rElec   .            (no cloak)
rCorr   .            (no gloves)
SInv    .            (no boots)
Will    .....        i - amulet of the acrobat
Stlth   ++           j - ring of protection from fire
HPRegen 0.27/turn    (no ring)
MPRegen 0.19/turn

%: acrobat
@: slowed, very slow
A: no striking features
a: no special abilities


You were on level 7 of the Dungeon.
You visited 2 branches of the dungeon, and saw 8 of its levels.

You collected 256 gold pieces.

Inventory:

Hand Weapons
 o - a +1 dagger of draining (weapon)
 w - a +3 dire flail of holy wrath
 x - a +1 dagger of pain
Armour
 l - a +2 robe (worn)
 p - a scarf of harm
 u - a +0 helmet (worn)
Jewellery
 c - an amulet of faith
 i - an amulet of the acrobat (around neck)
 j - a ring of protection from fire (left hand)
Scrolls
 a - a scroll of acquirement {unknown}
 b - 4 scrolls of teleportation {unknown}
 e - a scroll of immolation {unknown}
 g - 2 scrolls of fear {unknown}
 k - 2 scrolls of vulnerability {unknown}
 m - 3 scrolls of noise {unknown}
 n - a scroll of enchant weapon {unknown}
 q - 2 scrolls of identify {unknown}
 r - 2 scrolls of revelation {unknown}
 v - a scroll of poison {unknown}
 y - a scroll of brand weapon {unknown}
Potions
 d - a potion of magic
 f - 2 potions of curing
 h - 3 potions of heal wounds {unknown}
 s - a potion of resistance {unknown}
 t - a potion of brilliance {unknown}


   Skills:
 + Level 2.3 Fighting
 - Level 3.0 Armour
 - Level 3.0 Dodging
 - Level 3.1 Stealth
 * Level 10.7 Spellcasting
 + Level 5.7 Conjurations
 - Level 1.1 Summonings
 + Level 2.3 Necromancy
 - Level 1.1 Translocations
 - Level 1.2 Air Magic
 - Level 1.2 Poison Magic


You had 20 spell levels left.
You knew the following spells:

 Your Spells              Type           Power      Damage    Failure   Level
a - Magic Dart            Conj           100%       1d8       1%          1
b - Mephitic Cloud        Conj/Pois/Air  23%        N/A       5%          3
c - Call Imp              Summ           32%        N/A       5%          2
d - Blink                 Tloc           32%        N/A       5%          2

Your spell library contained the following spells:

 Spells                   Type           Power      Damage    Failure   Level
 Necrotise                Necr           88%        1d8       2%          1
 Apportation              Tloc           32%        N/A       3%          1
 Summon Small Mammal      Summ           64%        N/A       3%          1
 Cigotuvi's Dreadful Rot  Necr/Pois/Air  36%        N/A       4%          2
 Slow                     Hex            44%        N/A       5%          1


Dungeon Overview and Level Annotations

Branches:
Dungeon (7/15)             Temple (1/1) D:5

Altars:
Ashenzari
Cheibriados
Dithmenos
Elyvilon
Fedhas
Gozag
Hepliaklqana
Nemelex Xobeh
Ru
Trog
Uskayaw
Xom

Shops:
D:3 [

Annotations:
D:4 3 runed translucent doors, mcwallace's ghost, amateur DrFE
D:5 exclusion: ice beast


Message History

The kobold brigand throws a curare-tipped dart.
The curare-tipped dart hits you.
You are poisoned.
You have difficulty breathing.
You feel yourself slow down.
You feel very sick.
The kobold brigand throws a curare-tipped dart.
The curare-tipped dart closely misses you.
* * * LOW HITPOINT WARNING * * *
You feel very sick.
Casting: Mephitic Cloud (dangerous; 5% risk of failure)
Confirm with . or Enter, or press ? or * to list all spells.
Aiming: Mephitic Cloud (dangerous; 5% risk of failure)
Press: ? - help, Shift-Dir - straight line, p - gnoll The ball explodes into a vile cloud!
The stinking cloud engulfs the gnoll but does no damage.
The gnoll is severely wounded.
The stinking cloud engulfs the kobold brigand but does no damage.
You feel sick.
The kobold brigand is engulfed in noxious fumes.
The kobold brigand appears confused.
The gnoll is engulfed in noxious fumes.
The kobold brigand is engulfed in noxious fumes.
Unknown command.
Unknown command.
You feel sick.
The gnoll seems less confused.
You feel sick.
You hit the kobold brigand but do no damage.
You feel sick.
The kobold brigand closely misses the gnoll.
Unknown command.
You hit the gnoll. You drain the gnoll.
You kill the gnoll!
You feel sick.
You are no longer poisoned.
Unknown command.
You hit the kobold brigand but do no damage.
The kobold brigand closely misses you. The kobold brigand barely misses you.
You hit the kobold brigand.
The kobold brigand is lightly wounded.
The kobold brigand hits you with a +0 short sword!
You die...

# #.### .#.. ### ..###
... #≈≈≈### #......
#@#≈≈≈####.# #...... #
##)K..≈≈.....
#......#.##~≈)...≈)....
#.......#.~≈..~≈≈).....
+......#.≈≈#).≈.....#..
.#......+..#...≈.....#
#.......#)#.#.#.#......
#......)#.#.#.#.###....
.#.#.#.#.#.#.# #. ..#.


You could see a kobold brigand (confused).

Vanquished Creatures
  A wyvern (D:7)
  Edmund (D:6)
  A water moccasin (D:6)
  An orc warrior (D:7)
  A black bear (D:5)
  3 ogres
  A centaur (D:5)
  A kobold brigand (D:6)
  A scorpion (D:4)
  A gnoll bouda (D:7)
  3 hounds (D:5)
  3 orc priests
  Jessica (D:2)
  Terence (D:2)
  3 iguanas
  3 orc wizards
  4 gnolls (D:7)
  7 adders
  2 worms
  3 dart slugs
  17 orcs
  4 endoplasms
  5 giant cockroaches
  8 goblins
  10 hobgoblins
  4 jackals (D:1)
  19 kobolds
  2 quokkas
  7 ball pythons
  5 bats
  4 frilled lizards
  A rat (D:1)
128 creatures vanquished.

Vanquished Creatures (collateral kills)
  A sleepcap (D:5)
  A kobold (D:7)
2 creatures vanquished.

Grand Total: 130 creatures vanquished

Notes
Turn   | Place    | Note
-------+----------+-------------------------------------------
     0 | D:1      | pokeman the Deep Elf Hedge Wizard began the quest for the
                  | Orb.
     0 | D:1      | Reached XP level 1. HP: 10/10 MP: 7/7
   325 | D:1      | Reached XP level 2. HP: 13/16 MP: 4/9
   859 | D:1      | Reached skill level 5 in Spellcasting
   959 | D:1      | Reached XP level 3. HP: 18/20 MP: 7/11
   963 | D:1      | Learned a level 3 spell: Mephitic Cloud
   966 | D:1      | Learned a level 2 spell: Call Imp
   969 | D:1      | Learned a level 2 spell: Blink
  1409 | D:2      | Found a sacrificial altar of Ru.
  1520 | D:2      | Reached skill level 1 in Fighting
  1520 | D:2      | Reached skill level 1 in Armour
  1689 | D:2      | Reached XP level 4. HP: 25/25 MP: 10/13
  2072 | D:2      | Noticed Jessica
  2080 | D:2      | Killed Jessica
  2145 | D:2      | Reached skill level 6 in Spellcasting
  2242 | D:2      | Noticed Terence
  2257 | D:2      | Killed Terence
  2258 | D:2      | Reached XP level 5. HP: 29/29 MP: 12/15
  2838 | D:3      | Found Poqeget's Antique Armour Shoppe.
  3650 | D:4      | Found a runed translucent gate.
  3650 | D:4      | Found a runed translucent gate.
  3650 | D:4      | Found a runed translucent gate.
  3654 | D:4      | Noticed mcwallace's ghost (amateur DrFE)
  3723 | D:4      | Upgraded the game from 0.31-a0-836-g3ceb0a68c4 to
                  | 0.31-a0-841-g038b102fc3
  3933 | D:4      | Found a sparkling altar of Nemelex Xobeh.
  4020 | D:4      | Reached skill level 1 in Air Magic
  4020 | D:4      | Reached skill level 1 in Poison Magic
  4020 | D:4      | Reached XP level 6. HP: 34/34 MP: 9/17
  4307 | D:5      | Entered Level 5 of the Dungeon
  4453 | D:5      | Reached skill level 7 in Spellcasting
  4626 | D:5      | Noticed an ice beast
  4851 | D:5      | Reached XP level 7. HP: 31/39 MP: 14/20
  4968 | D:5      | Reached skill level 8 in Spellcasting
  5477 | D:5      | Found a staircase to the Ecumenical Temple.
  5534 | Temple   | Found a transporter.
  5534 | Temple   | Found a transporter.
  5534 | Temple   | Found a transporter.
  5534 | Temple   | Found a transporter.
  5534 | Temple   | Entered the Ecumenical Temple
  5832 | D:6      | Reached skill level 9 in Spellcasting
  5840 | D:6      | Reached XP level 8. HP: 12/44 MP: 9/23
  5965 | D:6      | Noticed Edmund
  5996 | D:6      | Killed Edmund
  5997 | D:6      | Reached skill level 5 in Conjurations
  6237 | D:6      | Reached skill level 10 in Spellcasting
  6541 | D:7      | Reached skill level 1 in Necromancy
  6683 | D:7      | Slain by a kobold brigand

Illustrated notes

Levels and vault maps discovered:
D:1:      saegor_arrival_simple_e, layout_loops_ring
D:2:      layout_loops_ring, basic_altar, chequers_serial_rivers_micro_e,
          uniq_jessica, uniq_terence
D:3:      layout_rooms, serial_shops, nicolae_shop_overgrown_old_shop,
          minmay_misc_feat_x
D:4:      layout_basic, nemelex_diamond_rough_becter, ebering_ghost_rock_garden
D:5:      layout_loops_ring, minmay_temple_entry_poolview
D:6:      layout_rooms, uniq_edmund
D:7:      layout_basic, serial_rivers, chequers_serial_rivers_small_b,
          chequers_serial_rivers_large_b, chequers_serial_rivers_room_a,
          chequers_serial_rivers_micro_e, chequers_serial_rivers_small_3,
          chequers_serial_rivers_room_b, minmay_tree_intersection,
          eino_tiny_chamber, uniq_menkaure
Temple:   hellmonk_temple_divided_pantheon

Skill      XL: |  1  2  3  4  5  6  7  8 |
---------------+-------------------------+-----
Spellcasting   | 5 6 7 9 10 | 10.7
Fighting       | 1 2 |  2.3
Armour         | 1 2 3 |  3.0
Conjurations   | 2 3 4 5 |  5.7
Stealth        | 3 |  3.1
Dodging        | 3 |  3.0
Air Magic      | 1 |  1.2
Poison Magic   | 1 |  1.2
Necromancy     | 2 |  2.3
Summonings     | |  1.1
Translocations | |  1.1

Action                     |  1- 3 |  4- 6 |  7- 9 || total
---------------------------+-------+-------+-------++-------
  Melee: Dagger            |    50 |    39 |    68 ||   157
         Punch             |       |     2 |     1 ||     3
   Cast: Magic Dart        |    86 |   118 |    85 ||   289
         Mephitic Cloud    |       |     8 |    18 ||    26
         Call Imp          |       |       |    10 ||    10
         Blink             |       |       |     2 ||     2
    Use: Potion            |       |       |     1 ||     1
   Stab: Confused          |       |     5 |     7 ||    12
         Sleeping          |       |     1 |       ||     1
 Armour: Robe              |    43 |    25 |    25 ||    93
  Dodge: Dodged            |    55 |    28 |    51 ||   134

Table legend: (Time is in decaauts)
 A = Elapsed time spent in this place.
 B = Non-inter-level travel time spent in this place.
 C = Inter-level travel time spent in this place.
 D = Time resting spent in this place.
 E = Time spent auto-exploring this place.
 F = Levels seen in this place.
 G = Mean time per level.
                   A        B        C        D        E       F      G
               +--------+--------+--------+--------+--------+-----+--------+
         Total |   6690 |   6419 |    271 |     83 |   5280 |   8 |  836.2 |
       Dungeon |   6660 |   6398 |    262 |     83 |   5280 |   7 |  951.4 |
        Temple |     29 |     20 |      9 |      0 |      0 |   1 |   29.0 |
               +--------+--------+--------+--------+--------+-----+--------+

Top non-repeatable levels by time:
     D:4: 1294 daAuts
     D:1: 1232 daAuts
     D:5: 1213 daAuts
     D:2: 1131 daAuts
     D:6: 906 daAuts
     D:3: 711 daAuts
     D:7: 169 daAuts
  Temple: 29 daAuts
